 Dungeon Crawl Stone Soup version 0.27.0-1-g7a089689b8 (webtiles) character file.

Game seed: 16048527477294662330

42 x13thangelx the Grave Robber (level 3, -1/19 HPs)
             Began as a Deep Elf Necromancer on Aug 7, 2021.
             Was a Follower of Yredelemnul.
             Slain by an ufetubus (2 damage)
             ... on level 4 of the Dungeon.
             The game lasted 00:10:05 (2388 turns).

x13thangelx the Grave Robber (Deep Elf Necromancer) Turns: 2388, Time: 00:10:06

Health: -1/19      AC:  2    Str:  5    XL:     3   Next: 35%
Magic:  7/10       EV: 13    Int: 20    God:    Yredelemnul [*.....]
Gold:   83         SH:  0    Dex: 21    Spells: 7/10 levels left

rFire    . . .     SeeInvis .   c - staff of death
rCold    . . .     Faith    .   (no shield)
rNeg     + . .     Spirit   .   a - +0 robe
rPois    .         Reflect  .   (no helmet)
rElec    .         Harm     .   (no cloak)
rCorr    .         Rampage  .   (no gloves)
Will     .....                  (no boots)
Stlth    +++.......             (no amulet)
HPRegen  0.06/turn              h - +6 ring of dexterity
MPRegen  0.12/turn              (no ring)

@: mighty, very slightly contaminated
A: no striking features
a: Renounce Religion, Animate Remains


You were on level 4 of the Dungeon.
You worshipped Yredelemnul.
Yredelemnul was aware of your devotion.
You visited 1 branch of the dungeon, and saw 4 of its levels.

You collected 83 gold pieces.

Inventory:

Hand Weapons
 b - a +0 dagger
 d - a +0 hunting sling
Missiles
 i - 42 stones
Armour
 a - a +0 robe (worn)
Magical Staves
 c - a staff of death (weapon)
Jewellery
 h - a +6 ring of dexterity (left hand)
Scrolls
 l - 2 scrolls of teleportation
Potions
 f - 2 potions of degeneration {unknown}
 g - 3 potions of mutation {unknown}
 j - 3 potions of heal wounds {unknown}
 m - a potion of lignification {unknown}


   Skills:
 + Level 2.4 Dodging
 + Level 2.5 Stealth
 + Level 4.3 Spellcasting
 + Level 5.5 Necromancy


You had 7 spell levels left.
You knew the following spells:

 Your Spells              Type           Power      Damage    Failure   Level
a - Pain                  Necr           100%       1d9       1%          1
b - Animate Skeleton      Necr           78%        N/A       1%          1
c - Corona                Hex            4%         N/A       13%         1

Your spell library contained the following spells:

 Spells                   Type           Power      Damage    Failure   Level
 Vampiric Draining        Necr           19%        2d8       3%          3
 Foxfire                  Conj/Fire      16%        2x1d4     13%         1
 Animate Dead             Necr           19%        N/A       13%         4
 Ensorcelled Hibernation  Hex/Ice        8%         N/A       19%         2
 Agony                    Necr           39%        N/A       34%         5
 Conjure Flame            Conj/Fire      4%         6-21      36%         3
 Inner Flame              Hex/Fire       4%         N/A       36%         3
 Tukima's Dance           Hex            4%         N/A       36%         3


Dungeon Overview and Level Annotations

Branches:
Dungeon (4/15)
 Temple: D:4-7

Altars:
Elyvilon
Yredelemnul


Message History

You fail to use your ability.
The ufetubus barely misses you. The ufetubus closely misses you.
Non-targeted abil: Animate Remains
Press: ? - help, Q - select action, (/) - cycle Dir - look around, f - activate You fail to use your ability.
The ufetubus misses you. x2; The ufetubus hits you.
The ufetubus misses you.
Unknown command.
Aiming: Corona (safe; 13% risk of failure)
Press: ? - help, Q - select action, (/) - cycle Shift-Dir - straight line, f - ufetubus
Aim: an ufetubus (chance to affect: 47%)
You miscast Corona.
You are very lightly contaminated with residual magic.
Nothing appears to happen.
The ufetubus hits you. The ufetubus misses you.
Unknown command.
This spell is quite dangerous to cast!
Memorise Vampiric Draining, consuming 3 spell levels and leaving 4?
The ufetubus hits you.
Your memorisation is interrupted.
The ufetubus hits you. The ufetubus closely misses you. The ufetubus hits you.
Aiming: Corona (safe; 13% risk of failure)
Press: ? - help, Q - select action, (/) - cycle Shift-Dir - straight line, f/p - ufetubus
Aim: an ufetubus (chance to affect: 47%)
The ufetubus resists with significant effort.
The ufetubus hits you.
The ufetubus hits you but does no damage.
Aiming: Corona (safe; 13% risk of failure)
Press: ? - help, Q - select action, (/) - cycle Shift-Dir - straight line, f/p - ufetubus
Aim: an ufetubus (chance to affect: 47%)
The ufetubus resists with significant effort.
The ufetubus hits you.
* * * LOW HITPOINT WARNING * * *
The ufetubus hits you.
* * * LOW HITPOINT WARNING * * *
The ufetubus hits you but does no damage.
The ufetubus misses you.
It was a potion of might.
You feel very mighty all of a sudden. The ufetubus hits you.
You die...
Your body rises from the dead as a mindless zombie.

## ##. #.. ..##
#..#### ##.....#
#### #..# #.. ##5##
#.#####@.#
##........#
#.........#
#.........#
##.........#####
#................#
..............###.#
###.##).......#
......##.>.##.......


You could see an ufetubus.

Vanquished Creatures
  An adder (D:3)
  A worm (D:2)
  3 ball pythons (D:2)
  2 bats (D:2)
  An endoplasm (D:2)
  A giant cockroach (D:1)
  4 goblins
  3 hobgoblins (D:2)
  3 quokkas
  A frilled lizard (D:1)
  6 kobolds
  3 rats
29 creatures vanquished.

Notes
Turn   | Place    | Note
-------+----------+-------------------------------------------
     0 | D:1      | x13thangelx the Deep Elf Necromancer began the quest for
                  | the Orb.
     0 | D:1      | Reached XP level 1. HP: 10/10 MP: 6/6
   159 | D:1      | Learned a level 1 spell: Animate Skeleton
   161 | D:1      | Learned a level 1 spell: Corona
   172 | D:1      | Reached skill level 5 in Necromancy
   800 | D:1      | Found a faded altar of an unknown god.
   802 | D:1      | Noticed a golden eye
   802 | D:1      | Noticed an eye of devastation
   803 | D:1      | Noticed a floating eye
   803 | D:1      | Noticed a floating eye
   808 | D:1      | Became a worshipper of Yredelemnul the Dark
   808 | D:1      | Reached * piety under Yredelemnul
   835 | D:1      | Reached XP level 2. HP: 13/15 MP: 6/8
  1874 | D:2      | Found a white marble altar of Elyvilon.
  1909 | D:2      | Reached XP level 3. HP: 16/19 MP: 7/10
  2274 | D:2      | You fall into a shaft and drop 1 floor!
  2290 | D:3      | You fall into a shaft and drop 1 floor!
  2388 | D:4      | Slain by an ufetubus

Illustrated notes

Levels and vault maps discovered:
D:1:      dpeg_arrival_tiny_g, layout_basic, serial_rivers,
          chequers_serial_rivers_micro_a, chequers_serial_rivers_marsh,
          chequers_serial_rivers_micro_a, chequers_serial_rivers_small_3,
          hellmonk_ecumenical_altar_watching_god,
          amcnicky_mini_corridor_feature, minmay_box_of_dots
D:2:      layout_loops_ring, basic_altar, minivault_4
D:3:      layout_rooms, mainiacjoe_overflow_boulevard, dk_vineyard_1,
          uniq_grinder
D:4:      minmay_opposing_rooms, layout_rooms, uniq_menkaure

Skill      XL: |  1  2  3 |
---------------+----------+-----
Necromancy     | 5 |  5.5
Spellcasting   | 4 |  4.3
Dodging        | |  2.4
Stealth        | |  2.5

Action                   || total
-------------------------++-------
 Cast: Pain              ||    48
       Animate Skeleton  ||     3
       Corona            ||     2
  Use: Scroll            ||     3
       Potion            ||     1
Armor: Robe              ||     2
Dodge: Dodged            ||    14
